 Seeded DCSS version 0.30.1-4-g462c640d31 (webtiles) character file.

Game seed: 15660985446129201502 (custom seed)

72 AccursedSamuel the Cudgeller (level 4, 0/29 HPs)
             Began as a Tengu Monk on Sept 14, 2023.
             Was a Plaything of Xom.
             Succumbed to Crazy Yiuf's poison
             ... on level 2 of the Dungeon.
             The game lasted 00:02:59 (802 turns).

AccursedSamuel the Cudgeller (Tengu Monk)            Turns: 802, Time: 00:03:00

Health: 0/29       AC: 15    Str: 13    XL:     4   Next: 26%
Magic:  5/5        EV:  7    Int: 11    God:    Xom [..*...]
Gold:   71         SH:  0    Dex: 16    Spells: 3/3 levels left

rFire   . . .        a - +0 mace
rCold   . . .        d - orb {light}
rNeg    . . .        e - +7 chain mail {ponderous}
rPois   .            (helmet restricted)
rElec   .            (no cloak)
rCorr   .            (no gloves)
SInv    .            (boots unavailable)
Will    .....        (no amulet) Stlth
                     (no ring)
HPRegen 0.24/turn    (no ring)
MPRegen 0.09/turn

%: no passive effects
@: lethally poisoned (0 -> -10), glowing, slow
A: beak, talons 3
a: Renounce Religion


You were on level 2 of the Dungeon.
You worshipped Xom.
You were a toy of Xom.
You visited 1 branch of the dungeon, and saw 2 of its levels.

You collected 71 gold pieces.

Inventory:

Hand Weapons
 a - a +0 mace (weapon)
Armour
 b - a +0 robe
 d - an orb of light (worn)
 e - a +7 chain mail of ponderousness (worn)
Jewellery
 i - a +4 ring of protection
Scrolls
 f - a scroll of identify {unknown}
 j - a scroll of teleportation {unknown}
 l - a scroll of enchant armour {unknown}
 m - a scroll of noise {unknown}
 o - a scroll of immolation {unknown}
Potions
 c - a potion of ambrosia
 g - a potion of heal wounds {unknown}
 h - 2 potions of magic {unknown}
 k - a potion of flight {unknown}
 n - a potion of degeneration {unknown}
 p - a potion of attraction {unknown}


   Skills:
 + Level 3.8 Fighting
 + Level 4.4 Maces & Flails
 + Level 0.3 Armour
 + Level 3.7 Dodging


You had 3 spell levels left.
You didn't know any spells.
Your spell library contained the following spells:

 Spells                   Type           Power      Damage    Failure   Level
 Cigotuvi's Dreadful Rot  Necr/Pois/Air  0%         N/A       100%        2
 Dispel Undead            Necr           0%         3d6       100%        4
 Death Channel            Necr           0%         N/A       100%        6


Dungeon Overview and Level Annotations

Branches:
Dungeon (2/15)

Altars:
Xom


Innate Abilities, Weirdness & Mutations

You have a beak for a mouth.
You have claws for feet.


Message History

You enter the shallow water.
Moving in this stuff is going to be slow.
There is a faded altar of an unknown god here.
This altar belongs to (a) Zin, (b) Xom or (c) Sif Muna, but you can't tell which.
Press the corresponding letter to learn more about a god, or press enter to convert or escape to cancel.
Xom accepts your prayer! Xom welcomes you!
Xom is fascinated!
You enter the shallow water.
Moving in this stuff is going to be slow.
You enter the shallow water.
Moving in this stuff is going to be slow.
You enter the shallow water.
Moving in this stuff is going to be slow.
You open the door. You hit Crazy Yiuf. You claw Crazy Yiuf.
You peck Crazy Yiuf, but do no damage.
Crazy Yiuf is moderately wounded.
Crazy Yiuf hits you but does no damage.
You hit Crazy Yiuf.
Crazy Yiuf is moderately wounded.
Crazy Yiuf hits you with a +3 quarterstaff of chaos!
Crazy Yiuf burns you.
You hit Crazy Yiuf but do no damage.
Crazy Yiuf is moderately wounded.
Crazy Yiuf closely misses you.
Crazy Yiuf hits you with a +3 quarterstaff of chaos.
You are lethally poisoned!
You hit Crazy Yiuf. You claw Crazy Yiuf, but do no damage.
You peck Crazy Yiuf, but do no damage.
Crazy Yiuf is heavily wounded.
* * * LOW HITPOINT WARNING * * *
You feel very sick.
Crazy Yiuf hits you with a +3 quarterstaff of chaos.
* * * LOW HITPOINT WARNING * * *
Crazy Yiuf freezes you.
* * * LOW HITPOINT WARNING * * *
You sock Crazy Yiuf! You claw Crazy Yiuf, but do no damage.
You peck Crazy Yiuf.
You kill Crazy Yiuf!
You die...
Xom snickers!

#####.###.##..........####
..........##.............##
..................######..#
........)########## ##.#
##..#.##[# #.# ...>..# .#
#.## ####### # ### ####..#
# #)..### ##.....# #
#...)@####......# #
#...##..#......## ###
###.#....## ########


There were no monsters in sight!

Vanquished Creatures
  Crazy Yiuf (D:2)
  Jessica (D:2)
  An adder (D:2)
  A dart slug (D:2)
  4 endoplasms (D:2)
  2 giant cockroaches (D:2)
  4 goblins
  2 hobgoblins
  3 kobolds
  4 quokkas
  2 ball pythons
  A bat (D:1)
  4 frilled lizards (D:2)
  5 rats
  A spectral kobold (D:2)
36 creatures vanquished.

Notes
Turn   | Place    | Note
-------+----------+-------------------------------------------
     0 | D:1      | AccursedSamuel the Tengu Monk began the quest for the Orb.
     0 | D:1      | Reached XP level 1. HP: 14/14 MP: 2/2
    72 | D:1      | Reached XP level 2. HP: 19/19 MP: 3/3
   120 | D:1      | Identified a scroll of acquirement
   120 | D:1      | Acquired a +7 chain mail of ponderousness
   273 | D:2      | Noticed Jessica
   278 | D:2      | Killed Jessica
   279 | D:2      | Reached skill level 4 in Maces & Flails
   279 | D:2      | Reached XP level 3. HP: 24/24 MP: 4/4
   512 | D:2      | Reached XP level 4. HP: 13/29 MP: 5/5
   628 | D:2      | Found a faded altar of an unknown god.
   724 | D:2      | Found a runed translucent door.
   758 | D:2      | Prayed at the altar of an unknown god.
   758 | D:2      | Became a worshipper of Xom of Chaos
   794 | D:2      | Noticed Crazy Yiuf
   802 | D:2      | Killed Crazy Yiuf
   802 | D:2      | Succumbed to Crazy Yiuf's poison

Illustrated notes

Levels and vault maps discovered:
D:1:      minmay_arrival_pointy, layout_loops_ring, minmay_gold_behind_fungi
D:2:      layout_basic, dreamdust_ecumenical_altar_drowned_temple,
          hangedman_decor_clover_reticule, fountainhead,
          uniq_crazy_yiuf_cottage, uniq_jessica

Skill      XL: |  1  2 |
---------------+-------+-----
Maces & Flails | 4 |  4.4
Fighting       | |  3.8
Armour         | |  0.3
Dodging        | |  3.7

Action                     |  1- 3 |  4- 6 || total
---------------------------+-------+-------++-------
  Melee: Mace              |    47 |    18 ||    65
         Kick              |     9 |     7 ||    16
         Peck              |     4 |     6 ||    10
    Use: Scroll            |     1 |       ||     1
 Armour: Robe              |     4 |       ||     4
         Chain mail        |    28 |    10 ||    38
  Dodge: Dodged            |    35 |     9 ||    44
